 Dungeon Crawl Stone Soup version 0.31-a0-965-g8a8ce12e04 (webtiles) character file.

Game seed: 9021927470260040992

18 Dirtsage the Ruffian (level 2, -5/18 HPs)
             Began as an Octopode Shapeshifter on Oct 26, 2023.
             Killed from afar by Natasha (9 damage)
             ... with a magic dart
             ... on level 2 of the Dungeon.
             The game lasted 00:01:00 (562 turns).

Dirtsage the Ruffian (Octopode Shapeshifter)         Turns: 562, Time: 00:01:01

Health: -5/18      AC:  1    Str: 13    XL:     2   Next: 66%
Magic:  2/2        EV: 13    Int: 12    God:
Gold:   84         SH:  0    Dex: 11    Spells: 1/1 levels left

rFire   . .          .
                       - Unarmed
rCold   . . .        (no shield)
rNeg    . . .        (helmet currently unavailable)
rPois   .            (no amulet)
rElec   .            (no ring)
rCorr   .            (no ring)
SInv    .            (no ring)
Will    .....        (no ring)
Stlth   ++           (no ring)
HPRegen 0.23/turn    (no ring)
MPRegen 0.08/turn    (no ring)
                     (no ring)

%: no passive effects
@: beast-form
A: beast (slay +1), almost no armour, amphibious, 8 rings, camouflage 1,
gelatinous body 1, (nimble swimmer 1), tentacles
a: Begin Untransformation


You were on level 2 of the Dungeon.
You were a hulking beast.
You visited 1 branch of the dungeon, and saw 2 of its levels.

You collected 84 gold pieces.

Inventory:

Talismans
 b - a beast talisman
 c - a flux talisman
Scrolls
 d - 3 scrolls of identify {unknown}
 e - a scroll of fear {unknown}
 g - a scroll of vulnerability {unknown}
 h - a scroll of poison {unknown}
Potions
 a - a potion of lignification
 f - a potion of attraction {unknown}


   Skills:
 + Level 1.3 Fighting
 - Level 2.0 Dodging
 * Level 3.3 Unarmed Combat
 * Level 3.3 Shapeshifting


You had one spell level left.
You didn't know any spells.
Your spell library was empty.

Dungeon Overview and Level Annotations

Branches:
Dungeon (2/15)

Altars:
Uskayaw

Annotations:
D:2 Natasha, Robin


Innate Abilities, Weirdness & Mutations

You are a hulking beast.
Your limbs bulge with bestial killing power. (Slay +1)
You cannot wear most types of armour.
You are amphibious.
You can wear up to eight rings at the same time.
Your skin changes colour to match your surroundings (Stealth+).
Your rubbery body absorbs attacks. (AC +1, EV +1)
((You are camouflaged when in or above water. (Stealth+)))
You have tentacles for arms and can constrict up to eight enemies at once.


Message History

A giant cockroach comes into view.
Things that are here:
a +0 sling; a giant cockroach corpse You tentacle-slap the giant cockroach but do no damage.
Your grab misses the giant cockroach.
Your squeeze misses the giant cockroach.
The giant cockroach misses you.
The giant cockroach completely misses you.
You tentacle-slap the giant cockroach but do no damage.
You grab the giant cockroach. You constrict the giant cockroach.
The giant cockroach barely misses you.
You tentacle-slap the giant cockroach.
You kill the giant cockroach!
No target in view!
HP restored.
You see here 8 stones.
You now have 84 gold pieces (gained 9).
Natasha is nearby!
Health restored: 18 Natasha hisses angrily.
Natasha claws you!
You take 7 damage, and have 11/18 hp.
MASSIVE DAMAGE!!
You are too injured to fight recklessly!
You are too injured to fight recklessly!
You are too injured to fight recklessly!
You closely miss Natasha. You grab Natasha. You constrict Natasha.
Natasha claws you!
* * * LOW HITPOINT WARNING * * *
You take 7 damage, and have 4/18 hp.
MASSIVE DAMAGE!!
You tentacle-slap Natasha. You squeeze Natasha.
Natasha is heavily wounded.
You constrict Natasha. Natasha closely misses you.
You tentacle-slap Natasha.
Natasha is almost dead.
You constrict Natasha. Natasha casts a spell at you. The magic dart hits you!
Ouch! That really hurt!
You die...
Natasha begins licking her fur clean.

#~≈≈~..gg.# #.....#
~~≈≈~..<.g# ###.###
~≈≈~~.<...# ##...##
~≈≈~####g####.#.#.##
~≈≈
g###.##[##.##########
≈
)##.###.###.........#
.##.....†....######.#
.##..##h###.##### #.#
.###.##.h.......# #.#
#<.###.#####.# #.#
###.#...## #.#
#...##### #.# #.###
#.. #.# #.# #.# #.#
#.# #.# #.# #.# #.#
#.# #)# #.# #.#


You could see Natasha.

Vanquished Creatures
  4 giant cockroaches
  5 goblins (D:1)
  2 hobgoblins
  A ball python (D:1)
  A bat (D:1)
  A frilled lizard (D:1)
  A kobold (D:1)
  2 rats
17 creatures vanquished.

Notes
Turn   | Place    | Note
-------+----------+-------------------------------------------
     0 | D:1      | Dirtsage the Octopode Shapeshifter began the quest for the
                  | Orb.
     0 | D:1      | Reached XP level 1. HP: 13/13 MP: 1/1
   152 | D:1      | Reached XP level 2. HP: 15/18 MP: 2/2
   209 | D:1      | You fall into a shaft and drop 1 floor!
   357 | D:2      | Noticed Robin
   357 | D:2      | Found a hide-covered altar of Uskayaw.
   358 | D:2      | Noticed Natasha
   562 | D:2      | Killed from afar by Natasha

Illustrated notes

Levels and vault maps discovered:
D:1:      dpeg_arrival_pits, layout_rooms
D:2:      wander_river, layout_loops_ring, basic_altar, uniq_natasha, uniq_robin

Action                     || total
---------------------------++-------
  Melee: Unarmed           ||    34
         Constrict         ||    10
         Tentacles         ||     5
   Stab: Sleeping          ||     2
 Armour: Skin              ||    20
  Dodge: Dodged            ||    23

Table legend: (Time is in decaauts)
 A = Elapsed time spent in this place.
 B = Non-inter-level travel time spent in this place.
 C = Inter-level travel time spent in this place.
 D = Time resting spent in this place.
 E = Time spent auto-exploring this place.
 F = Levels seen in this place.
 G = Mean time per level.
                   A        B        C        D        E       F      G
               +--------+--------+--------+--------+--------+-----+--------+
         Total |    559 |    522 |     37 |     60 |    354 |   2 |  279.5 |
       Dungeon |    559 |    522 |     37 |     60 |    354 |   2 |  279.5 |
               +--------+--------+--------+--------+--------+-----+--------+

Top non-repeatable levels by time:
     D:1: 444 daAuts
     D:2: 114 daAuts
